 Dungeon Crawl Stone Soup version 0.27-a0-203-gd48b2df3c9 (webtiles) character file.

Game seed: 14914040749600319316

64 Lanoc the Skirmisher (level 3, -1/29 HPs)
             Began as a Mummy Fighter on Jan 30, 2021.
             Slain by a jackal (3 damage)
             ... on level 3 of the Dungeon.
             The game lasted 00:01:21 (875 turns).

Lanoc the Skirmisher (Mummy Fighter)                 Turns: 875, Time: 00:01:21

Health: -1/29      AC:  6    Str: 19    XL:     3   Next: 91%
Magic:  3/3        EV:  7    Int:  7    God:
Gold:   123        SH:  8    Dex: 12    Spells: 2/2 levels left

rFire    x . .     SeeInvis .   a - +0 long sword
rCold    + . .     Faith    .   c - +0 kite shield
rNeg     + + +     Spirit   .   b - +0 scale mail
rPois    ∞         Reflect  .   (no helmet)
rElec    .         Harm     .   (no cloak)
rCorr    .         Rampage  .   (no gloves)
Will     .....                  (no boots)
Stlth    ..........             (no amulet)
HPRegen  0.09/turn              (no ring)
MPRegen  0.08/turn              (no ring)

@: no status effects
A: no potions, fire vulnerability, cold resistance 1, negative energy resistance
3, torment resistance, unbreathing
a: no special abilities


You were on level 3 of the Dungeon.
You visited 1 branch of the dungeon, and saw 3 of its levels.

You collected 123 gold pieces.

Inventory:

Hand Weapons
 a - a +0 long sword (weapon)
Armour
 b - a +0 scale mail (worn)
 c - a +0 kite shield (worn)


   Skills:
 + Level 3.4 Fighting
 * Level 2.5 Long Blades
 + Level 2.8 Armour
 + Level 1.1 Dodging
 - Level 2.4 Shields


You had 2 spell levels left.
You didn't know any spells.
Your spell library was empty.

Dungeon Overview and Level Annotations

Branches:
Dungeon (3/15)

Altars:
Trog


Innate Abilities, Weirdness & Mutations

You do not drink.
Your flesh is vulnerable to fire.
You are immune to poison.
Your flesh is cold resistant. (rC+)
You are immune to negative energy. (rN+++)
You are immune to unholy pain and torment.
You can survive without breathing.


Message History

The jackal bites you but does no damage. x3
Your Dodging skill increases to level 1!
You barely miss the bat. The bat hits you but does no damage.
The jackal bites you but does no damage. x2
You block the jackal's attack. x3
You barely miss the bat. The bat hits you but does no damage. x2
The jackal bites you but does no damage.
The jackal barely misses you.
The jackal bites you but does no damage.
You block the jackal's attack.
You closely miss the jackal. The bat hits you but does no damage.
You block the jackal's attack. The jackal bites you.
* * * LOW HITPOINT WARNING * * *
The jackal barely misses you.
The jackal bites you but does no damage.
Your shield prevents you from hitting the jackal.
You block the bat's attack.
The jackal bites you but does no damage.
The bat barely misses you. The jackal bites you.
You die...

.........##. ....#
..........##.
#...###.............
##.....!..........#..
##....................
#...................##
#....[................
#...h)h.............##
#....@b...<##......###
#..........##..#.### #
##........###....#####
##........##..........
#..........#.......)..
#.....................
#..........##.........
###..........#...>......
#..................†....


You could see 2 jackals and a bat.

Vanquished Creatures
  Terence (D:3)
  2 adders (D:2)
  An ooze (D:3)
  A giant cockroach (D:3)
  A goblin (D:3)
  A hobgoblin (D:3)
  2 jackals (D:3)
  A quokka (D:3)
  A ball python (D:2)
  A bat (D:3)
  A frilled lizard (D:2)
  4 kobolds
  A rat (D:3)
18 creatures vanquished.

Notes
Turn   | Place    | Note
-------+----------+-------------------------------------------
     0 | D:1      | Lanoc the Mummy Fighter began the quest for the Orb.
     0 | D:1      | Reached XP level 1. HP: 18/18 MP: 1/1
    97 | D:2      | Reached XP level 2. HP: 1/24 MP: 2/2
   736 | D:3      | Reached XP level 3. HP: 29/29 MP: 3/3
   816 | D:3      | Found a bloodstained altar of Trog.
   856 | D:3      | Noticed Terence
   871 | D:3      | Killed Terence
   872 | D:3      | Reached skill level 1 in Dodging
   875 | D:3      | Slain by a jackal

Illustrated notes

Levels and vault maps discovered:
D:1:      dpeg_arrival_three_same_balls, layout_loops_ring, st_stairs_9
D:2:      layout_loops_ring, chequers_ecumenical_altar_island
D:3:      layout_rooms, portal_sewer_entry_e, chequers_decorated_corner,
          trog_book, uniq_terence

Skill      XL: |  1  2  3 |
---------------+----------+-----
Long Blades    | 2 |  2.5
Dodging        | 1 |  1.1
Fighting       | |  3.4
Armour         | |  2.8
Shields        | |  2.4

Action                   || total
-------------------------++-------
Melee: Long sword        ||    72
  Use: Scroll            ||     4
Armor: Scale mail        ||    60
Dodge: Dodged            ||    44
Block: Kite shield       ||    57
       Rpst.: Long sword ||    14

Table legend: (Time is in decaauts)
 A = Elapsed time spent in this place.
 B = Non-inter-level travel time spent in this place.
 C = Inter-level travel time spent in this place.
 D = Time resting spent in this place.
 E = Time spent auto-exploring this place.
 F = Levels seen in this place.
 G = Mean time per level.
                   A        B        C        D        E       F      G
               +--------+--------+--------+--------+--------+-----+--------+
         Total |    914 |    914 |      0 |    453 |    269 |   3 |  304.7 |
       Dungeon |    914 |    914 |      0 |    453 |    269 |   3 |  304.7 |
               +--------+--------+--------+--------+--------+-----+--------+

Top non-repeatable levels by time:
     D:2: 545 daAuts
     D:3: 287 daAuts
     D:1: 82 daAuts
